 Dungeon Crawl Stone Soup version 0.21.1-72-gffa868e (webtiles) character file.

1871 Doobh the Covert (level 9, -10/55 HPs)
             Began as a Kobold Assassin on Aug 6, 2018.
             Shot with an arrow by a centaur (11 damage)
             ... on level 7 of the Dungeon.
             The game lasted 00:40:23 (8669 turns).

Doobh the Covert (Kobold Assassin)                  Turns: 8669, Time: 00:40:24

Health: -10/55     AC:  5    Str:  8    XL:     9   Next: 36%
Magic:  9/9        EV: 19    Int: 14    God:
Gold:   181        SH:  0    Dex: 20    Spells: 8/8 levels left

rFire    . . .     SeeInvis .   r - -2 rapier (curse)
rCold    . . .     Gourm    .   (shield restricted)
rNeg     . . .     Faith    .   c - +2 robe
rPois    .         Spirit   .   (helmet restricted)
rElec    .         Reflect  .   d - +0 cloak
rCorr    +         Harm     .   (no gloves)
MR       .....     Clarity  +   (no boots)
Stlth    ++++......             (no amulet)
HPRegen  0.18/turn              w - ring of resist corrosion
MPRegen  0.11/turn              (no ring)

@: no status effects
A: small, horns 1, carnivore, clarity, clever 1, screaming 1
a: no special abilities


You were on level 7 of the Dungeon.
You were completely stuffed.

You visited 1 branch of the dungeon, and saw 7 of its levels.

You collected 289 gold pieces.
You spent 108 gold pieces at shops.

Inventory:

Hand Weapons
 a - a +5 dagger
 b - a +0 blowgun
 n - a +0 hand crossbow
 r - a cursed -2 rapier (weapon)
 u - a +1 short sword of venom
Missiles
 e - 5 poisoned needles
 l - 41 bolts
Armour
 c - a +2 robe (worn)
 d - a +0 cloak (worn)
 t - a +0 hat
 v - a +0 leather armour of poison resistance
 y - a +0 buckler
Jewellery
 o - a cursed ring of magical power {unknown}
 q - a +4 ring of strength {unknown}
 s - an uncursed ring of protection from cold {unknown}
 w - a ring of resist corrosion (left hand)
Wands
 i - a wand of random effects (33)
 j - a wand of digging (11)
Scrolls
 f - a scroll of amnesia
 m - 2 scrolls of immolation
 p - a scroll of enchant armour
 x - a scroll of magic mapping {unknown}
Potions
 k - a potion of flight
Comestibles
 g - 12 rations
 h - 6 chunks of flesh


   Skills:
 + Level 6.0 Fighting
 + Level 7.3 Short Blades
 + Level 3.6 Crossbows
 - Level 4.7 Throwing
 + Level 6.2 Dodging
 + Level 9.1 Stealth


You had 8 spell levels left.
You didn't know any spells.

Dungeon Overview and Level Annotations

Branches:
Dungeon (7/15)
 Temple: D:4-7

Altars:
Wu Jian
Xom

Shops:
D:5 (

Annotations:
D:5 Blork the orc
D:6 Grinder


Innate Abilities, Weirdness & Mutations

You are small and have problems with some larger weapons.
You are carnivorous and can eat meat at any time.
You have a pair of small horns on your head.
You possess an exceptional clarity of mind.
Your mind is acute. (Int +2)
You occasionally shout uncontrollably at your foes.


Message History

The centaur shoots an arrow.
The arrow closely misses you.
The orc wizard mumbles some strange words.
The orc wizard blinks!
The orc wizard closely misses you.
You see here an arrow.
The orc wizard hits you with a dagger.
* * * LOW HITPOINT WARNING * * *
The centaur shoots an arrow.
The arrow closely misses you.
The orc wizard mumbles some strange words.
The orc wizard blinks!
The orc wizard gestures wildly while chanting.
The orc wizard blinks!
The centaur shoots an arrow.
The arrow completely misses you.
The centaur shoots an arrow.
The arrow hits you!
* * * LOW HITPOINT WARNING * * *
The orc wizard points at you and mumbles some strange words.
The magic dart hits you!
* * * LOW HITPOINT WARNING * * *
The centaur shoots an arrow.
The arrow hits you!
You die...

##..........(.....##...
#....................#
#............c......##
#............o.......##
##...........#o.......###
##.........##o.........##
##........##.c.........#
##......####o....§.....
##...@.#....o......... ..
####...###..(........
...######....####....(.......
..........#### #...........§
####...####### #.....[......
##........# ##.?..§..§§§§
#..>......## #.....§§§§§§
##..........# ##.....§§§§§
#...........# ##....§§§§§


You could see a centaur and an orc wizard.

Vanquished Creatures
  Sigmund (D:6)
  The ghost of tatocazan the Slasher, an amateur MiFi (D:3)
  Edmund (D:6)
  3 ogres
  A phantom (D:4)
  A centaur (D:7)
  2 bullfrogs (D:6)
  2 scorpions
  A howler monkey (D:7)
  A centaur zombie (D:7)
  5 hounds
  2 jellies (D:3)
  3 orc priests
  3 orc wizards
  An iguana (D:4)
  A worker ant (D:3)
  A worker ant zombie (D:6)
  A gnoll (D:1)
  A howler monkey skeleton (D:4)
  8 adders
  2 shadow imps
  12 oozes
  3 worms
  4 dart slugs
  2 leopard geckos
  22 orcs
  5 giant cockroaches
  12 goblins
  6 hobgoblins
  7 jackals
  2 quokkas
  8 bats
  7 frilled lizards
  12 kobolds
  A quokka skeleton (D:5)
  10 rats
  A butterfly (D:4)
  A fungus (D:3)
157 creatures vanquished.

Vanquished Creatures (others)
  3 fungi (D:3)
  7 toadstools (D:3)
10 creatures vanquished.

Grand Total: 167 creatures vanquished

Notes
Turn   | Place    | Note
-------+----------+-------------------------------------------
     0 | D:1      | Doobh the Kobold Assassin began the quest for the Orb.
     0 | D:1      | Reached XP level 1. HP: 12/12 MP: 1/1
   233 | D:1      | Reached XP level 2. HP: 18/18 MP: 2/2
   468 | D:1      | Reached XP level 3. HP: 13/22 MP: 3/3
  1669 | D:2      | Reached XP level 4. HP: 27/27 MP: 4/4
  1882 | D:2      | Reached skill level 6 in Stealth
  2266 | D:3      | Reached XP level 5. HP: 31/32 MP: 5/5
  3398 | D:3      | Reached XP level 6. HP: 25/37 MP: 6/6
  3441 | D:3      | Noticed tatocazan's ghost (amateur MiFi)
  3547 | D:4      | Noticed an ogre
  3570 | D:4      | Killed an ogre
  3867 | D:4      | Noticed an ogre
  4083 | D:2      | Gained mutation: You possess an exceptional clarity of mind. [potion of mutation]
  4083 | D:2      | Gained mutation: You have a pair of small horns on your head. [potion of mutation]
  4083 | D:2      | Gained mutation: You occasionally shout uncontrollably at your foes. [potion of mutation]
  4083 | D:2      | Gained mutation: Your mind is acute. (Int +2) [potion of mutation]
  4109 | D:3      | Killed tatocazan's ghost
  4109 | D:3      | Reached XP level 7. HP: 23/43 MP: 7/7
  4446 | D:3      | Reached skill level 7 in Stealth
  4460 | D:3      | Reached skill level 5 in Short Blades
  5334 | D:4      | Reached XP level 8. HP: 29/48 MP: 8/8
  5565 | D:4      | Found a shimmering altar of Xom.
  5974 | D:5      | Entered Level 5 of the Dungeon
  5974 | D:5      | Found Akott's Antique Weapon Shop.
  5982 | D:5      | Bought a hand crossbow for 108 gold pieces
  6311 | D:5      | Reached skill level 1 in Crossbows
  6342 | D:5      | Reached skill level 5 in Fighting
  6342 | D:5      | Reached skill level 5 in Dodging
  6342 | D:5      | Reached skill level 8 in Stealth
  6554 | D:5      | Noticed Blork the orc
  6958 | D:6      | Noticed Edmund
  7230 | D:6      | Killed Edmund
  7520 | D:6      | Found an ornate altar of the Wu Jian Council.
  7584 | D:6      | Noticed Sigmund
  7663 | D:6      | Reached XP level 9. HP: 16/54 MP: 9/9
  7902 | D:6      | Killed Sigmund
  8193 | D:6      | Noticed Grinder
  8422 | D:7      | Reached skill level 9 in Stealth
  8668 | D:7      | HP: 1/55 [orc wizard/magic dart (3)]
  8669 | D:7      | Shot with an arrow by a centaur

Skill      XL: |  1  2  3  4  5  6  7  8  9 |
---------------+----------------------------+-----
Short Blades   | 3 4 5 6 7 |  7.3
Dodging        | 2 3 4 5 6 |  6.2
Fighting       | 3 4 5 6 |  6.0
Stealth        | 6 7 8 9 |  9.1
Throwing       | 3 4 |  4.7
Crossbows      | 2 3 |  3.6

Action                   |  1- 3 |  4- 6 |  7- 9 || total
-------------------------+-------+-------+-------++-------
Melee: Dagger            |    65 |   188 |   219 ||   472
       Headbutt          |       |     3 |   102 ||   105
       Rapier            |       |       |   254 ||   254
 Fire: Blowgun           |    17 |    31 |    29 ||    77
       Hand crossbow     |       |       |     7 ||     7
  Use: Scroll            |       |    11 |     6 ||    17
       Potion            |       |     8 |     4 ||    12
 Stab: Sleeping          |     9 |     8 |    12 ||    29
       Distracted        |       |       |     1 ||     1
  Eat: Chunk             |    11 |     6 |    16 ||    33
Armor: Robe              |    12 |    40 |    38 ||    90
Dodge: Dodged            |    41 |   193 |   309 ||   543
